 Dungeon Crawl Stone Soup version 0.22-a0-247-gbddf880757 (webtiles) character file.

29 MirrMurr the Ducker (level 3, -6/19 HPs)
             Began as a Spriggan Berserker on Feb 23, 2018.
             Was a Follower of Trog.
             Killed from afar by Natasha (7 damage)
             ... with a magic dart
             ... on level 2 of the Dungeon.
             The game lasted 00:03:30 (1494 turns).

MirrMurr the Ducker (Spriggan Berserker)            Turns: 1494, Time: 00:03:32

Health: -6/19      AC:  2    Str: 14    XL:     3   Next: 1%
Magic:  4/4        EV: 20    Int:  8    God:    Trog [*.....]
Gold:   40         SH:  0    Dex: 15    Spells: 2/2 levels left

rFire    . . .     SeeInvis +   a - +0 spear
rCold    . . .     Gourm    .   (shield restricted)
rNeg     . . .     Faith    .   m - +0 robe
rPois    .         Spirit   .   (helmet restricted)
rElec    .         Reflect  .   (no cloak)
rCorr    .         Harm     .   (gloves unavailable)
MR       .....                  (boots unavailable)
Stlth    ++........             (no amulet)
HPRegen  0.06/turn              (no ring)
MPRegen  0.09/turn              (no ring)

@: very quick
A: very small, unfitting armour, see invisible, herbivore, speed 3, slow
metabolism 2
a: Berserk, Renounce Religion


You were on level 2 of the Dungeon.
You worshipped Trog.
Trog was aware of your devotion.
You were not hungry.

You visited 1 branch of the dungeon, and saw 2 of its levels.

You collected 40 gold pieces.

Inventory:

Hand Weapons
 a - a +0 spear (weapon)
 b - a +0 hunting sling
Missiles
 d - 6 curare-tipped needles
 e - 43 bolts
 f - 66 stones
 i - 6 tomahawks (quivered)
Armour
 m - a +0 robe (worn)
Scrolls
 g - a scroll of fear {unknown}
 h - a scroll of random uselessness {unknown}
 r - 2 scrolls of remove curse
Potions
 j - a potion of curing {unknown}
 k - a potion of ambrosia {unknown}
 l - a potion of lignification {unknown}
Comestibles
 c - 2 rations


   Skills:
 - Level 2.4 Fighting
 + Level 2.5 Polearms
 * Level 1.3 Slings
 + Level 4.8 Dodging
 + Level 1.9 Stealth


You had 2 spell levels left.
You didn't know any spells.

Dungeon Overview and Level Annotations

Branches:
Dungeon (2/15)

Altars:

Annotations:
D:2 Natasha


Innate Abilities, Weirdness & Mutations

You are very small and have problems with some larger weapons.
You are too small for most types of armour.
You have supernaturally acute eyesight. (SInv)
You are a herbivore.
You cover ground extremely quickly.
You need consume almost no food.


Message History

You barely miss Natasha.
Natasha is severely wounded.
The crimson imp picks up a beetle and eats it.
Natasha completely misses you.
Attack whom?
Press: ? - help, Dir - move target cursor, f/p - Natasha
Aim: Natasha (severely wounded)
You hit Natasha.
Natasha is almost dead.
Natasha completely misses you.
Attack whom?
Press: ? - help, Dir - move target cursor, f/p - Natasha
Aim: Natasha (almost dead)
You barely miss Natasha.
Natasha is almost dead.
The crimson imp hits you.
* * * LOW HITPOINT WARNING * * *
Natasha casts a spell at you. The magic dart hits you!
You die...

#. ..# ## ##.# (..#
. ..( (..#
#.##..####...##
#........(.....
#..#.....(...##
#....#.....g...
#.#..##h5# ## #
#....<(@###.# >#
###..###.#[#.####.##
#.....#.###..#...##
#.###.##†#........#
.. #...#........(#
### ###.#...[...#.
#.#.....###
###.##...####.
#<..†.........


You could see Natasha and a crimson imp.

Vanquished Creatures
  A worm (D:2)
  A dart slug (D:1)
  A leopard gecko (D:1)
  2 goblins (D:1)
  2 hobgoblins (D:1)
  5 jackals (D:1)
  4 bats
  A frilled lizard (D:1)
  3 kobolds
  2 rats (D:1)
22 creatures vanquished.

Notes
Turn   | Place    | Note
-------+----------+-------------------------------------------
     0 | D:1      | MirrMurr the Spriggan Berserker began the quest for the Orb.
     0 | D:1      | Reached XP level 1. HP: 11/11 MP: 2/2
   248 | D:1      | Reached skill level 1 in Stealth
   397 | D:1      | Reached XP level 2. HP: 16/16 MP: 3/3
   776 | D:1      | Reached skill level 1 in Slings
  1258 | D:2      | Noticed Natasha
  1477 | D:2      | Reached XP level 3. HP: 19/19 MP: 4/4
  1494 | D:2      | Killed from afar by Natasha

Vault maps used:
D:1:      kilobyte_arrival_exit_the_forest
D:2:      lemuel_blue_sif_altar, dancing_weapons_uskayaw, minmay_tripent,
          uniq_natasha

Skill      XL: |  1  2 |
---------------+-------+-----
Stealth        | 1 |  1.9
Slings         | 1 |  1.3
Fighting       | |  2.4
Polearms       | |  2.5
Dodging        | |  4.8

Action                   || total
-------------------------++-------
Melee: Spear             ||    72
 Fire: Hunting sling     ||    36
  Use: Scroll            ||     1
 Stab: Sleeping          ||     2
Armor: Animal skin       ||     2
       Robe              ||     3
Dodge: Dodged            ||    40

Table legend:
 A = Spawn XP
 B = Non-spawn XP
 C = Spawn XP percentage of total XP
 D = Spawn monster count
 E = Non-spawn monster count
 F = Spawn count percentage of total count
 G = Total turns spent on level
                    A         B        C        D         E        F      G
               +---------+---------+-------+---------+---------+-------+---------
         Total |       0 |      42 |   0.0 |       0 |      22 |   0.0 |  1494
               +---------+---------+-------+---------+---------+-------+---------
           D:1 |       0 |      33 |   0.0 |       0 |      19 |   0.0 |  1303
           D:2 |       0 |       9 |   0.0 |       0 |       3 |   0.0 |   191
               +---------+---------+-------+---------+---------+-------+---------
